 Dungeon Crawl Stone Soup version 0.26-a0-466-g989023bd0d (webtiles) character file.

Game seed: 7236204975856849598

3040 HoaS the Grappler (level 9, -5/67 HPs)
             Began as a Ghoul Gladiator on Aug 13, 2020.
             Was an Elder of Makhleb.
             Slain by a two-headed ogre
             ... wielding a +0 giant club
              (15 damage)
             ... on level 8 of the Dungeon.
             The game lasted 00:13:35 (5691 turns).

HoaS the Grappler (Ghoul Gladiator)                 Turns: 5691, Time: 00:13:35

Health: -5/67      AC:  9    Str: 19      XL:     9   Next: 86%
Magic:  8/8        EV: 10    Int:  3      God:    Makhleb [****..]
Gold:   392        SH:  0    Dex: 11 (12) Spells: 8/8 levels left

rFire    + . .     SeeInvis +     - Unarmed
rCold    + . .     Faith    .   (no shield)
rNeg     + + +     Spirit   .   g - +0 scale mail
rPois    ∞         Reflect  .   b - +1 helmet
rElec    .         Harm     .   e - scarf {repulsion}
rCorr    .                      (no gloves)
MR       .....                  y - +0 pair of boots
Stlth    ..........             (no amulet)
HPRegen  0.00/turn              m - ring of see invisible
MPRegen  0.11/turn              p - ring of protection from fire

@: repel missiles
A: rotting body, claws 1, cold resistance 1, negative energy resistance 3,
inhibited regeneration, torment resistance, unbreathing
a: Minor Destruction, Lesser Servant of Makhleb, Major Destruction, Renounce
Religion


You were on level 8 of the Dungeon.
You worshipped Makhleb.
Makhleb was greatly pleased with you.
You visited 1 branch of the dungeon, and saw 8 of its levels.

You collected 441 gold pieces.
You spent 49 gold pieces at shops.

Inventory:

Missiles
 l - 29 poisoned darts (quivered)
 v - 10 boomerangs
 z - 7 atropa-tipped darts
Armour
 b - a +1 helmet (worn)
 e - a scarf of repulsion (worn)
 g - a +0 scale mail (worn)
 y - a +0 pair of boots (worn)
Jewellery
 m - a ring of see invisible (left claw)
 p - a ring of protection from fire (right claw)
 B - an uncursed ring of protection from fire
Wands
 o - a wand of enslavement (5)
 s - a wand of acid (18)
 t - a wand of iceblast (20)
Scrolls
 a - 3 scrolls of remove curse
 f - 2 scrolls of fog
 i - 4 scrolls of fear
 k - a scroll of enchant armour
 q - 2 scrolls of identify
 r - a scroll of teleportation
 A - a scroll of holy word {unknown}
Potions
 d - a potion of heal wounds
 h - 4 potions of curing
 j - a potion of magic {unknown}
 n - a potion of might {unknown}
 u - a potion of brilliance {unknown}
 w - a potion of stabbing {unknown}
 x - 2 potions of flight {unknown}


   Skills:
 - Level 2.1 Fighting
 - Level 1.7 Throwing
 - Level 2.6 Dodging
 + Level 14.3 Unarmed Combat


You had 8 spell levels left.
You didn't know any spells.
Your spell library contained the following spells:

 Spells                   Type           Power        Failure   Level
 Beastly Appendage        Tmut           Unusable     N/A         1
 Wereblood                Tmut           Unusable     N/A         2
 Spider Form              Tmut/Pois      Unusable     N/A         3
 Ice Form                 Ice/Tmut       Unusable     N/A         4
 Blade Hands              Tmut           Unusable     N/A         5

Dungeon Overview and Level Annotations

Branches:
Dungeon (8/15)             Temple (0/1) D:7
   Lair: D:8-11

Altars:
Kikubaaqudgha
Makhleb
Nemelex Xobeh
Okawaru
Sif Muna
Xom

Shops:
D:7 [


Innate Abilities, Weirdness & Mutations

Your body is rotting away.
You thrive by killing the living.
You are immune to poison.
You have sharp fingernails.
Your flesh is cold resistant. (rC+)
You are immune to negative energy. (rN+++)
You do not regenerate when monsters are visible.
You are immune to unholy pain and torment.
You can survive without breathing.


Message History

Press: ? - help, Shift-Dir - straight line, f/p - two-headed ogre
Aim: a two-headed ogre, wielding two +0 giant clubs You throw a throwing net.
The throwing net barely misses the two-headed ogre.
The two-headed ogre closely misses you. x2
Throwing (i - inventory. (/) - cycle)
l - 30 poisoned darts (quivered)
Press: ? - help, Shift-Dir - straight line, f/p - two-headed ogre
Aim: a two-headed ogre, wielding two +0 giant clubs You throw a poisoned dart.
The poisoned dart hits the two-headed ogre.
The two-headed ogre is poisoned.
The two-headed ogre barely misses you.
The two-headed ogre hits you with a +0 giant club.
You claw the two-headed ogre! x2
The two-headed ogre is moderately wounded.
You scratch the two-headed ogre but do no damage.
The two-headed ogre is heavily wounded.
The two-headed ogre hits you with a +0 giant club!!
* * * LOW HITPOINT WARNING * * *
The two-headed ogre hits you with a +0 giant club!
You die...

......(.. .......##
#.......# #.......#
##....... #.[.....
###.##..O# ..... #@#
......###.####
#...........$....#
#...............>#
.##................#
...................#
#................>#
#................#
#...†............#


You could see a two-headed ogre (poisoned).

Vanquished Creatures
  Prince Ribbit (D:5)
  2 orc warriors
  An ice beast (D:6)
  A phantom (D:6)
  3 ogres
  2 centaurs
  5 bullfrogs
  A wyvern skeleton (D:7)
  2 scorpions
  3 wights (D:7)
  3 howler monkeys
  5 crimson imps
  A quasit (D:8)
  A centaur zombie (D:6)
  3 jellies
  5 orc priests
  4 hounds
  9 orc wizards
  A bullfrog skeleton (D:4)
  An iguana (D:6)
  3 worker ants
  A hound skeleton (D:7)
  A howler monkey zombie (D:6)
  4 gnolls (D:6)
  12 adders
  A shadow imp (D:6)
  3 white imps
  2 ufetubi
  An adder skeleton (D:6)
  A dart slug (D:1)
  7 leopard geckos
  38 orcs
  12 bats
  8 giant cockroaches
  9 goblins
  12 hobgoblins
  12 jackals
  5 kobolds
  3 quokkas
  A ball python (D:3)
  9 frilled lizards
  A jackal skeleton (D:4)
  5 rats
205 creatures vanquished.

Vanquished Creatures (others)
  A plant (D:8)
1 creature vanquished.

Grand Total: 206 creatures vanquished

Notes
Turn   | Place    | Note
-------+----------+-------------------------------------------
     0 | D:1      | HoaS the Ghoul Gladiator began the quest for the Orb.
     0 | D:1      | Reached XP level 1. HP: 17/17 MP: 0/0
   139 | D:1      | Reached XP level 2. HP: 24/24 MP: 1/1
   153 | D:1      | Reached skill level 4 in Unarmed Combat
   567 | D:1      | Reached XP level 3. HP: 29/29 MP: 2/2
   619 | D:2      | Reached skill level 5 in Unarmed Combat
   695 | D:2      | Reached XP level 4. HP: 18/36 MP: 3/3
  1132 | D:2      | Found a burning altar of Makhleb.
  1159 | D:2      | Reached skill level 6 in Unarmed Combat
  1159 | D:2      | Reached XP level 5. HP: 41/41 MP: 4/4
  1170 | D:2      | Became a worshipper of Makhleb the Destroyer
  1781 | D:3      | Noticed a centaur
  1790 | D:3      | Killed a centaur
  1790 | D:3      | Reached skill level 7 in Unarmed Combat
  1790 | D:3      | Reached XP level 6. HP: 39/48 MP: 5/5
  2032 | D:3      | Reached * piety under Makhleb
  2331 | D:3      | Found a shimmering blue altar of Sif Muna.
  2331 | D:3      | Found an iron altar of Okawaru.
  2471 | D:4      | Reached skill level 8 in Unarmed Combat
  2504 | D:4      | You fall into a shaft and drop 1 floor!
  2504 | D:5      | Entered Level 5 of the Dungeon
  2536 | D:5      | Reached XP level 7. HP: 55/55 MP: 6/6
  2627 | D:5      | Reached ** piety under Makhleb
  2644 | D:5      | Reached skill level 9 in Unarmed Combat
  2926 | D:4      | Reached skill level 10 in Unarmed Combat
  2934 | D:4      | Found a shimmering altar of Xom.
  2939 | D:4      | Reached XP level 8. HP: 61/61 MP: 7/7
  3035 | D:4      | Found an ancient bone altar of Kikubaaqudgha.
  3493 | D:5      | Noticed Prince Ribbit
  3501 | D:5      | Killed Prince Ribbit
  3501 | D:5      | Reached skill level 11 in Unarmed Combat
  4216 | D:6      | Reached skill level 12 in Unarmed Combat
  4273 | D:6      | Reached XP level 9. HP: 67/67 MP: 8/8
  4296 | D:6      | Reached *** piety under Makhleb
  4648 | D:6      | Reached skill level 13 in Unarmed Combat
  4857 | D:7      | Found Asaoth's Armour Shoppe.
  4865 | D:7      | Bought a +0 pair of boots for 49 gold pieces
  4889 | D:7      | Found a sparkling altar of Nemelex Xobeh.
  5231 | D:7      | Found a staircase to the Ecumenical Temple.
  5263 | D:7      | Reached **** piety under Makhleb
  5344 | D:6      | Reached skill level 14 in Unarmed Combat
  5682 | D:8      | Noticed a two-headed ogre
  5691 | D:8      | Slain by a two-headed ogre

Illustrated notes

Levels and vault maps discovered:
D:1:      dpeg_arrival_long_road, layout_loops_ring
D:2:      layout_basic, makhleb_grotto_becter
D:3:      minmay_chambers_of_twos, layout_basic,
          gammafunk_temple_overflow_elements, kennysheep_generic_room_4
D:4:      layout_rooms, old_standard_altar, led_xom_imps
D:5:      layout_basic, uniq_prince_ribbit1
D:6:      minmay_thinvault, layout_basic
D:7:      layout_cave_pods, kennysheep_mini_moat, minmay_temple_entry_mist,
          serial_shops, nicolae_shop_temple_entry_statues_fountains
D:8:      layout_rooms, minmay_lair_entry_grove, hangedman_decor_riveting,
          uniq_psyche

Skill      XL: |  1  2  3  4  5  6  7  8  9 |
---------------+----------------------------+-----
Unarmed Combat | 4 5 6 7 8 10 12 14 | 14.3
Fighting       | |  2.1
Throwing       | |  1.7
Dodging        | |  2.6

Action                   |  1- 3 |  4- 6 |  7- 9 || total
-------------------------+-------+-------+-------++-------
Melee: Unarmed           |    93 |   213 |   351 ||   657
       Punch             |       |     5 |    20 ||    25
Throw: Throwing net      |       |       |     5 ||     5
       Dart              |       |       |     4 ||     4
  Use: Scroll            |     3 |     9 |     8 ||    20
 Stab: Held in net/web   |       |       |     2 ||     2
Armor: Leather armour    |    12 |       |       ||    12
       Scale mail        |    32 |    90 |   120 ||   242
Dodge: Dodged            |    57 |    94 |   167 ||   318

Table legend: (Time is in decaauts)
 A = Elapsed time spent in this place.
 B = Non-inter-level travel time spent in this place.
 C = Inter-level travel time spent in this place.
 D = Time resting spent in this place.
 E = Time spent auto-exploring this place.
 F = Levels seen in this place.
 G = Mean time per level.
                   A        B        C        D        E       F      G
               +--------+--------+--------+--------+--------+-----+--------+
         Total |   5593 |   5455 |    138 |    448 |   3576 |   8 |  699.1 |
       Dungeon |   5593 |   5455 |    138 |    448 |   3576 |   8 |  699.1 |
               +--------+--------+--------+--------+--------+-----+--------+

Top non-repeatable levels by time:
     D:3: 1003 daAuts
     D:6: 948 daAuts
     D:5: 930 daAuts
     D:2: 838 daAuts
     D:7: 717 daAuts
     D:1: 591 daAuts
     D:4: 521 daAuts
     D:8: 40 daAuts
